Map: Ever Dream LE

Players

Reynor - Winner!

  • Race: Zerg Zerg
  • League: Master
  • Spawn Location: 1:00

Arctur

  • Race: Terran Terran
  • Spawn Location: 7:00

Event: DreamHack SC2 Masters 2020 Fall

VOD

Have the link to the VOD?

Description

Time

  • Played on: Sept. 1, 2020, 12:55 p.m.
  • Length: 13:10

All games in this series

Show
View Real Time Build Order
Export as new Build Order

Reynor Zerg - Winner!

Build Orders: Hatch First 

Get SALT Encoding   

  12  0:00  Drone  
  13  0:12  Overlord  
  13  0:16  Drone  
  14  0:31  Drone x2  
  16  0:48  Hatchery  
  15  0:51  Drone  
  15  0:54  Drone  
  17  0:58  Drone  
  18  1:08  Extractor  
  17  1:13  Spawning Pool  
  17  1:16  Drone  
  17  1:20  Drone  
  18  1:28  Drone  
  19  1:38  Drone  
  20  2:00  Queen, Zergling x6  
  20  2:01  Queen  
  27  2:05  Spine Crawler  
  26  2:11  Zergling x2  
  26  2:20  Zergling x2  
  25  2:27  Drone  
  25  2:35  Drone  
  23  2:41  Drone x2  
  24  2:47  Drone  
  25  2:55  Overlord  
  25  2:59  Drone  
  25  3:02  Drone  
  27  3:05  Drone  
  27  3:08  Drone  
  27  3:15  Drone  
  27  3:16  Drone  
  29  3:21  Metabolic Boost  
  28  3:27  Drone  
  28  3:28  Drone x2  
  31  3:34  Overlord  
  31  3:39  Queen  
  33  3:45  Drone x2  
  35  3:56  Drone x3  
  35  3:57  Drone x3  
  35  4:01  Overlord  
  41  4:13  Hatchery  
  41  4:15  Drone  
  42  4:17  Zergling x2  
  42  4:18  Zergling x2  
  42  4:22  Queen  
  45  4:26  Zergling x4  
  45  4:29  Drone  
  48  4:36  Pneumatized Carapace  
  48  4:38  Drone  
  48  4:39  Drone x2  
  48  4:40  Overlord  
  48  4:44  Zergling x2  
  52  4:49  Extractor  
  52  4:50  Drone  
  52  4:51  Drone, Spore Crawler x2  
  51  4:54  Zergling x2  
  51  4:58  Drone x3  
  51  4:59  Drone  
  56  5:02  Queen  
  56  5:05  Zergling x2  
  59  5:11  Overlord  
  59  5:16  Drone  
  59  5:21  Overlord  
  60  5:26  Zergling x8  
  64  5:29  Queen  
  64  5:30  Queen  
  68  5:38  Drone x4  
  68  5:39  Drone  
  68  5:41  Queen  
  74  5:46  Drone, Roach Warren  
  74  5:50  Spore Crawler  
  72  5:58  Drone  
  72  6:00  Drone x4  
  72  6:01  Drone  
  72  6:03  Overlord  
  78  6:12  Drone x2  
  78  6:13  Overlord  
  80  6:21  Overlord  
  80  6:25  Lair  
  80  6:26  Roach x4  
  80  6:31  Queen  
  80  6:32  Roach  
  92  6:35  Roach  
  92  6:37  Drone  
  92  6:38  Drone x2  
  96  6:41  Evolution Chamber  
  96  6:42  Evolution Chamber  
  96  6:44  Roach x3  
  96  6:45  Drone x2  
  99  6:48  Drone  
  96  6:58  Drone x2  
  96  6:59  Drone x2  
  96  7:00  Drone x2  
  97  7:03  Drone  
  97  7:05  Extractor  
  97  7:06  Drone x3, Extractor  
  98  7:08  Drone x2  
  98  7:09  Zerg Missile Weapons Level 1  
  98  7:10  Zerg Ground Armor Level 1  
  98  7:11  Drone x2  
  98  7:13  Drone, Extractor  
  102  7:17  Overlord  
  102  7:18  Extractor  
  102  7:20  Drone  
  102  7:29  Glial Reconstitution  
  102  7:34  Hatchery  
  102  7:35  Roach x3  
  102  7:36  Roach  
  109  7:44  Roach x3  
  109  7:51  Overlord  
  107  7:55  Drone x2  
  107  7:58  Overlord  
  109  8:01  Overlord x2  
  109  8:05  Spore Crawler  
  109  8:06  Overlord x2  
  109  8:07  Overlord  
  108  8:18  Roach x3  
  114  8:21  Drone x4  
  114  8:22  Roach x4  
  114  8:23  Unknown  
  114  8:25  Roach x3  
  131  8:29  Ravager x2  
  131  8:30  Ravager  
  131  8:32  Roach x3  
  140  8:36  Drone  
  140  8:38  Roach x2  
  145  8:42  Overlord  
  145  8:43  Roach  
  139  8:51  Roach x2, Ravager x3  
  139  8:55  Ravager x2  
  142  8:56  Roach x2, Zergling x12  
  142  9:00  Roach x2  
  152  9:06  Roach x3  
  143  9:10  Roach x2  
  143  9:11  Roach  
  147  9:21  Drone x3  
  147  9:22  Drone x3  
  147  9:23  Drone  
  152  9:27  Hatchery  
  152  9:28  Drone  
  152  9:29  Drone x2  
  154  9:32  Ravager x2  
  154  9:33  Ravager x3  
  154  9:34  Roach  
  154  9:37  Zerg Melee Weapons Level 1  
  161  9:39  Roach  
  161  9:40  Queen  
  161  9:41  Roach  
  161  9:42  Overlord x2  
  161  9:44  Drone  
  167  9:48  Roach x2  
  167  9:52  Overlord  
  164  9:55  Roach x3  
  164  9:58  Drone x3  
  167  10:03  Baneling Nest  
  167  10:05  Roach x4  
  167  10:06  Roach  
  167  10:09  Roach  
  167  10:12  Drone x3, Zerg Ground Armor Level 2  
  172  10:16  Roach x3  
  178  10:25  Roach x2  
  178  10:26  Roach x2  
  180  10:33  Roach x7  
  180  10:35  Drone  
  187  10:38  Drone x2  
  187  10:39  Drone  
  190  10:44  Drone x3  
  190  10:45  Queen  
  190  10:46  Infestation Pit  
  190  10:47  Spore Crawler  
  190  10:48  Spine Crawler  
  190  10:49  Drone x3, Hatchery  
  182  10:57  Roach x4  
  182  11:01  Roach x3  
  169  11:06  Roach  
  169  11:07  Zergling x2  
  169  11:08  Zergling x4  
  154  11:15  Centrifical Hooks  
  154  11:17  Roach x2, Zergling x16  
  156  11:20  Zergling x4  
  156  11:21  Zergling x2  
  156  11:28  Ravager  
  156  11:29  Ravager x10, Zergling x6  
  156  11:30  Zergling x6  
  156  11:32  Zergling x2  
  174  11:36  Baneling x12  
  174  11:37  Zergling x4, Baneling x2  
  176  11:40  Drone x2  
  176  11:43  Drone  
  176  11:44  Zergling x4  
  176  11:45  Zergling x8  
  185  11:49  Drone x5  
  185  11:53  Zergling x8  
  194  11:58  Overlord  
  194  12:01  Roach x2, Zergling x4  
  199  12:05  Overlord  
  199  12:06  Baneling x8  
  200  12:21  Zergling x20  
  197  12:26  Zergling x20  
  199  12:33  Zergling x2  
  199  12:39  Spine Crawler, Spore Crawler  
  199  12:40  Drone x2  
  199  12:42  Baneling x11  
  199  12:48  Hatchery  
Show
View Real Time Build Order
Export as new Build Order

Arctur Terran 

Build Orders:  

Get SALT Encoding   

  12  0:00  SCV  
  13  0:12  SCV  
  14  0:18  Supply Depot  
  14  0:24  SCV  
  15  0:40  Barracks  
  15  0:50  Barracks  
  15  0:54  SCV  
  16  1:01  Refinery  
  16  1:06  SCV  
  17  1:18  SCV  
  18  1:27  Marine  
  18  1:30  Orbital Command  
  19  1:38  Supply Depot, Marine  
  20  1:45  Marine  
  21  1:53  Bunker  
  21  1:55  Marine  
  21  1:56  SCV  
  23  2:02  Marine  
  23  2:06  Bunker  
  24  2:10  SCV  
  24  2:27  Marine  
  24  2:29  Marine  
  25  2:35  Factory  
  24  2:39  SCV  
  23  2:45  Marine  
  23  2:46  Marine  
  24  2:51  SCV  
  24  3:02  Marine  
  24  3:04  Marine  
  26  3:07  SCV  
  26  3:11  Command Center  
  25  3:19  SCV, Refinery  
  25  3:20  Factory Reactor  
  26  3:31  SCV  
  25  3:34  Starport  
  25  3:43  SCV  
  26  3:51  Supply Depot  
  26  3:56  SCV  
  26  3:57  Hellion x2  
  31  4:12  Medivac, Marine x2  
  31  4:13  SCV  
  36  4:18  Hellion  
  36  4:22  Orbital Command  
  36  4:23  Hellion  
  40  4:25  SCV  
  40  4:30  Fusion Core  
  41  4:32  Marine  
  41  4:33  Marine  
  41  4:37  SCV  
  44  4:41  Hellion  
  46  4:46  Hellion  
  46  4:48  SCV  
  49  4:53  Starport Tech Lab  
  49  4:54  SCV  
  50  5:00  SCV  
  50  5:03  Supply Depot  
  50  5:06  SCV, Supply Depot  
  52  5:12  SCV  
  53  5:18  SCV  
  54  5:26  Battlecruiser  
  54  5:27  SCV  
  61  5:30  SCV  
  62  5:39  SCV  
  63  5:46  Command Center  
  63  5:49  Barracks Tech Lab, SCV  
  64  5:51  SCV  
  64  5:55  Factory Reactor  
  65  6:00  Marine x2  
  65  6:01  SCV  
  68  6:04  SCV  
  68  6:05  Supply Depot  
  68  6:10  Stimpack, Marine  
  70  6:15  Supply Depot  
  70  6:21  Barracks  
  70  6:26  Marine x2  
  70  6:27  SCV x2  
  70  6:28  Engineering Bay, Marine  
  70  6:31  Engineering Bay  
  75  6:39  SCV x2  
  77  6:42  Starport Reactor  
  77  6:44  Marine x2  
  77  6:45  Refinery  
  77  6:46  Refinery  
  78  6:51  SCV x2  
  77  6:54  Marine  
  77  6:55  Siege Tank  
  76  7:02  Marine  
  76  7:03  SCV  
  76  7:06  Marine  
  78  7:09  Terran Infantry Armor Level 1, Terran Infantry Weapons Level 1  
  78  7:13  Command Center  
  78  7:14  SCV  
  78  7:15  SCV  
  80  7:20  Supply Depot  
  80  7:21  Supply Depot, Marine x4  
  84  7:26  SCV  
  85  7:34  Supply Depot  
  85  7:36  Medivac  
  86  7:41  Siege Tank  
  86  7:42  Marine x2  
  86  7:43  Marauder, Marine x2  
  95  7:48  Medivac  
  95  7:51  SCV x2  
  97  7:55  Combat Shield  
  97  7:59  Barracks x2  
  97  8:01  Supply Depot  
  97  8:03  SCV x2  
  99  8:10  Marauder, Marine x3  
  104  8:13  Siege Tank  
  104  8:15  SCV x2  
  109  8:20  Armory  
  109  8:24  Marine  
  110  8:27  SCV x2  
  110  8:28  Orbital Command  
  112  8:34  Marine x2  
  112  8:35  Marine  
  112  8:39  SCV x2  
  117  8:47  Medivac x2  
  117  8:51  SCV x2  
  117  8:54  Marine x2  
  117  8:56  Barracks Tech Lab  
  117  8:57  Barracks Tech Lab  
  117  8:58  SCV  
  118  9:03  SCV x2  
  118  9:09  Marine x2  
  100  9:10  SCV  
  100  9:12  Siege Tank, Marauder, Marine x2  
  100  9:15  SCV x2  
  106  9:21  Marine  
  106  9:22  SCV, Marauder  
  106  9:24  Terran Infantry Weapons Level 2  
  110  9:28  Refinery  
  104  9:32  Terran Infantry Armor Level 2  
  104  9:33  Marine x2  
  106  9:39  Supply Depot x2  
  106  9:40  Marauder, Marine x3  
  106  9:42  Marine  
  112  9:51  Marine x2  
  109  9:58  Marauder, Marine x2  
  100  10:01  Marauder  
  100  10:02  Marauder  
  101  10:09  Marine x2  
  101  10:13  Siege Tank  
  106  10:15  Marine x2  
  106  10:20  Marauder  
  109  10:22  Marauder  
  109  10:23  Orbital Command, Marauder  
  109  10:26  Marine  
  109  10:27  Marine  
  112  10:33  Marine x2  
  102  10:41  Marauder  
  103  10:44  Marauder, Marine x3  
  103  10:45  Siege Tank  
  100  10:59  Marine  
  100  11:00  Marine  
  100  11:02  Marauder  
  100  11:03  Marauder, Marine x2  
  90  11:05  Marauder  
  83  11:17  Marine  
  83  11:18  Marine  
  83  11:19  Concussive Shells  
  83  11:20  SCV x2  
  83  11:21  SCV, Marine x2  
  83  11:24  Marauder x2  
  93  11:29  Supply Depot  
  93  11:30  Siege Tank  
  93  11:31  Marauder  
  93  11:32  SCV, Supply Depot  
  98  11:35  Marine  
  98  11:36  Marine  
  101  11:49  Supply Depot  
  101  11:50  Marine x2  
  101  11:51  Marauder x2, Supply Depot  
  101  11:54  Marauder, Marine x2  
  113  11:55  Supply Depot  
  111  12:03  Siege Tank  
  111  12:08  Marine x2  
  114  12:12  Marauder x2, Marine x2  
  114  12:15  Marauder  
  122  12:25  SCV  
  122  12:26  Marine x2  
  123  12:30  Marine x2  
  123  12:33  Marauder x2  
  123  12:35  Siege Tank  
  123  12:36  Marine  
  127  12:40  Factory  
  127  12:44  Marine x2  
  127  12:48  Marine x2  

Tags
 
Add a new tag
Caveats
  • Supply blocks, unpowered buildings, or Contaminate may cause inaccurate times.
  • Supply counts are checked every 10 seconds.